Map: Deathaura LE

Players

A.I. 1 (Very Easy)

  • Race: Protoss Protoss
  • Spawn Location: 5:00

Powerfoe - Winner!

  • Race: Terran Terran
  • League: Master
  • Spawn Location: 11:00

VOD

Have the link to the VOD?

Description

Time

  • Played on: Oct. 14, 2020, 7:53 p.m.
  • Length: 7:22
Show
View Real Time Build Order
Export as new Build Order

A.I. 1 (Very Easy) Protoss 

Build Orders:  

Get SALT Encoding   

  12  0:00  Probe  
  13  0:13  Probe  
  14  0:20  Pylon  
  14  0:36  Assimilator  
  14  0:42  Gateway  
  14  0:46  Pylon  
  14  1:14  Assimilator  
  14  1:22  Zealot  
  14  1:23  Probe  
  14  1:31  Probe  
  17  1:35  Cybernetics Core  
  18  1:41  Probe  
  19  1:53  Probe  
  20  2:02  Probe  
  21  2:10  Probe  
  21  2:11  Warp Gate  
  22  2:43  Stalker  
  24  6:39  Probe  
  24  6:55  Probe  
  24  6:56  Stalker  
  24  6:59  Pylon  
  20  7:05  Cybernetics Core  
  18  7:10  Gateway  
  15  7:18  Pylon  
Show
View Real Time Build Order
Export as new Build Order

Powerfoe Terran - Winner!

Build Orders: Reaper Expand 

Get SALT Encoding   

  12  0:00  SCV  
  13  0:12  SCV  
  14  0:16  Supply Depot  
  14  0:24  SCV  
  15  0:38  SCV  
  15  0:39  Barracks  
  16  0:43  Refinery  
  16  0:50  SCV  
  17  1:02  SCV  
  18  1:14  SCV  
  19  1:26  Reaper, Orbital Command  
  20  1:39  Command Center  
  20  1:51  Supply Depot  
  20  1:52  SCV  
  21  1:58  Marine  
  22  2:04  SCV  
  22  2:07  Factory  
  23  2:16  SCV, Bunker  
  23  2:19  Barracks Reactor  
  24  2:23  Refinery  
  24  2:28  SCV  
  25  2:40  SCV  
  26  2:51  Orbital Command  
  26  2:52  SCV  
  26  2:53  Hellion  
  26  2:57  Marine x2  
  31  2:58  Starport  
  31  3:05  SCV  
  32  3:14  Marine  
  32  3:15  Marine  
  32  3:16  SCV  
  32  3:17  SCV, Factory Tech Lab  
  36  3:23  Supply Depot  
  36  3:29  SCV x2  
  38  3:35  Cyclone, Starport Tech Lab, Marine  
  38  3:36  Marine  
  38  3:41  SCV x2  
  45  3:42  Supply Depot  
  45  3:45  Refinery  
  45  3:53  SCV x2  
  45  3:54  Marine x2  
  49  3:57  Raven  
  51  4:04  Supply Depot  
  51  4:05  SCV x2  
  53  4:13  Barracks  
  53  4:17  SCV x2  
  53  4:18  Factory Tech Lab  
  53  4:19  Barracks  
  55  4:24  Engineering Bay  
  55  4:28  Marine x2  
  55  4:29  SCV  
  55  4:30  SCV  
  59  4:36  Siege Tank  
  62  4:41  Supply Depot, SCV  
  62  4:42  SCV  
  64  4:46  Marine  
  64  4:47  Marine  
  64  4:48  Refinery  
  64  4:50  Terran Infantry Weapons Level 1  
  66  4:53  SCV  
  66  4:55  SCV  
  68  5:00  Supply Depot  
  68  5:01  Marine  
  68  5:02  Stimpack  
  68  5:05  Marine  
  70  5:08  Starport Reactor  
  70  5:09  Siege Tank  
  70  5:10  SCV x2  
  75  5:16  Supply Depot  
  75  5:18  Marine  
  76  5:22  Marine  
  76  5:24  Supply Depot, Marauder x2  
  76  5:25  Combat Shield  
  81  5:37  Barracks  
  81  5:38  Barracks  
  81  5:39  Marine  
  81  5:40  Marine  
  81  5:41  Siege Tank  
  86  5:47  Supply Depot x2  
  86  5:52  Medivac x2  
  86  5:55  Marauder  
  92  5:57  Marine  
  92  5:58  Marine  
  92  5:59  Marauder  
  96  6:10  Supply Depot x2  
  96  6:15  Marine  
  96  6:16  Marine  
  96  6:18  Marauder  
  100  6:22  Marauder  
  102  6:27  Marine x2  
  102  6:29  Medivac x2  
  102  6:31  Supply Depot  
  102  6:32  Supply Depot  
  108  6:34  Supply Depot  
  108  6:38  Marine x2  
  112  6:40  Marauder  
  112  6:46  Marine x2  
  112  6:47  Marauder, Siege Tank  
  119  6:56  SCV  
  122  7:03  Marine x3  
Tags
 
League
Master
Matchup
PvT
Spawn Locations
Cross Positions
Add a new tag
Caveats
  • Supply blocks, unpowered buildings, or Contaminate may cause inaccurate times.
  • Supply counts are checked every 10 seconds.